 Seeded DCSS version 0.29-a0-923-g6e406bff71 (webtiles) character file.

Game seed: 17029162543862809722 (custom seed)

81 valliere the Sneak (level 4, -1/26 HPs)
             Began as a Kobold Warper on July 27, 2022.
             Slain by a phantom (2 damage)
             ... on level 2 of the Dungeon.
             The game lasted 00:05:29 (2832 turns).

valliere the Sneak (Kobold Warper)                  Turns: 2832, Time: 00:05:29

Health: -1/26      AC:  3    Str:  8    XL:     4   Next: 67%
Magic:  7/7        EV: 15    Int: 14    God:
Gold:   179        SH:  0    Dex: 16    Spells: 7/7 levels left

rFire   . . .      SeeInvis .   a - +0 short sword
rCold   . . .      Faith    .   (no shield)
rNeg    . . .      Spirit   .   b - +0 leather armour
rPois   .          Reflect  .   (no helmet)
rElec   .          Harm     .   g - scarf {shadows}
rCorr   .          Rampage  .   (no gloves)
Will    .....                   (no boots)
Stlth   +++.......              (no amulet)
HPRegen 0.08/turn               (no ring)
MPRegen 0.10/turn               (no ring)

@: no status effects
A: small, no large weapons, nightstalker 3
a: no special abilities


You were on level 2 of the Dungeon.
You visited 1 branch of the dungeon, and saw 3 of its levels.

You collected 179 gold pieces.

Inventory:

Hand Weapons
 a - a +0 short sword (weapon)
Missiles
 d - a boomerang of dispersal (quivered)
Armour
 b - a +0 leather armour (worn)
 g - a scarf of shadows (worn)
Jewellery
 e - a ring of fire
Scrolls
 c - a scroll of blinking
 f - 3 scrolls of vulnerability {unknown}
 i - a scroll of immolation {unknown}
 j - 2 scrolls of enchant weapon {unknown}
 k - a scroll of amnesia {unknown}
 l - a scroll of identify {unknown}
 m - a scroll of poison {unknown}
Potions
 h - a potion of curing
 n - a potion of lignification {unknown}


   Skills:
 - Level 2.3 Fighting
 + Level 3.0 Short Blades
 - Level 1.1 Throwing
 - Level 0.7 Armour
 + Level 3.3 Dodging
 * Level 3.7 Stealth
 - Level 2.1 Spellcasting
 + Level 3.5 Translocations


You had 7 spell levels left.
You didn't know any spells.
Your spell library contained the following spells:

 Spells                   Type           Power      Damage    Failure   Level
 Blink                    Tloc           22%        N/A       12%         2
 Gell's Gravitas          Tloc           11%        N/A       24%         3
 Lesser Beckoning         Tloc           11%        N/A       24%         3
 Teleport Other           Tloc           11%        N/A       24%         3
 Manifold Assault         Tloc           11%        N/A       91%         5


Dungeon Overview and Level Annotations

Branches:
Dungeon (3/15)

Altars:

Annotations:
D:2 1 runed translucent door


Innate Abilities, Weirdness & Mutations

You are small and have problems with some larger weapons.
You are completely attuned to the shadows.


Message History

The phantom is heavily damaged.
The phantom completely misses you.
You hit the phantom but do no damage.
The phantom is heavily damaged.
The phantom closely misses you.
You barely miss the phantom.
The phantom is heavily damaged.
The phantom completely misses you.
You miss the phantom.
The phantom is heavily damaged.
The phantom hits you.
You are too injured to fight recklessly!
You hit the phantom.
The phantom is severely damaged.
The phantom hits you but does no damage.
You closely miss the phantom.
The phantom is heavily damaged.
The phantom hits you!
* * * LOW HITPOINT WARNING * * *
Throw: 4 boomerangs (disperse)
Press: ? - help, Q - select action Shift-Dir - straight line, f/p - phantom
Aim: a phantom (heavily damaged, 50% to hit)
You throw a boomerang of dispersal.
The boomerang of dispersal closely misses the phantom.
The phantom barely misses you.
Throw: 3 boomerangs (disperse)
Press: ? - help, Q - select action Shift-Dir - straight line, f/p - phantom
Aim: a phantom (heavily damaged, 50% to hit)
You throw a boomerang of dispersal.
The boomerang of dispersal hits the phantom but does no damage.
The phantom is heavily damaged.
The phantom barely misses you.
Throw: 2 boomerangs (disperse)
Press: ? - help, Q - select action Shift-Dir - straight line, f/p - phantom
Aim: a phantom (heavily damaged, 50% to hit)
You throw a boomerang of dispersal.
The boomerang of dispersal hits the phantom but does no damage.
The phantom is heavily damaged.
The phantom hits you.
You die...

#### ##.###.<......# #.
#..
...###...##.####.#.###.
#.####.##.....#.#
#.......)
###.##............#
#..#.##..
#......#.####.#####
#........ #.#.####.#
#.# #.#...#.#
#.#.####.# #.#
#.#...#.# #.#......#
##+## #.##.##.#
####.##########@W.#
#.##.##.# #......#
##.....## #########
#.##.#.## ##....)..#
#.##....####.........#
♣♣
#.##.......'.........#
# ♣♣♣.
#.##....####.........#
..#♣..♣ #.##.#.##
##..... ..+.♣♣♣
#......# ....... ..#♣♣
####.### ######. #


You could see a phantom.

Vanquished Creatures
  2 adders (D:2)
  3 worms (D:2)
  A dart slug (D:1)
  5 endoplasms
  A giant cockroach (D:1)
  4 hobgoblins (D:1)
  7 jackals (D:1)
  4 kobolds
  2 quokkas (D:2)
  3 ball pythons (D:1)
  8 bats
  4 frilled lizards
  3 goblins
  3 rats
50 creatures vanquished.

Notes
Turn   | Place    | Note
-------+----------+-------------------------------------------
     0 | D:1      | valliere the Kobold Warper began the quest for the Orb.
     0 | D:1      | Reached XP level 1. HP: 12/12 MP: 3/3
   188 | D:1      | Reached skill level 1 in Stealth
   207 | D:1      | Reached XP level 2. HP: 14/17 MP: 5/5
   851 | D:1      | Reached XP level 3. HP: 21/21 MP: 6/6
   913 | D:1      | HP: 1/21 [jackal (3)]
  1355 | D:2      | Found a faded altar of an unknown god.
  1455 | D:2      | Reached XP level 4. HP: 15/26 MP: 7/7
  2147 | D:2      | Found a runed translucent door.
  2810 | D:2      | Noticed a phantom
  2829 | D:2      | HP: 1/26 [phantom (7)]
  2832 | D:2      | Slain by a phantom

Illustrated notes

Levels and vault maps discovered:
D:1:      dpeg_arrival_court, layout_loops_ring, serial_park_tiny_1,
          wad_floor_pattern_untrapped, minmay_tiny_reverse_x
D:2:      layout_loops_corners, ebering_ecumenical_altar_abandoned,
          uniq_crazy_yiuf_cottage
D:3:      wad_woods_settlement, layout_basic, trog_antimagical, zin_statuary,
          minmay_misc_feat_cross

Skill      XL: |  1  2  3  4 |
---------------+-------------+-----
Stealth        | 1 2 3 |  3.7
Dodging        | 3 |  3.3
Short Blades   | 3 |  3.0
Fighting       | |  2.3
Throwing       | |  1.1
Armour         | |  0.7
Spellcasting   | |  2.1
Translocations | |  3.5

Action                   |  1- 3 |  4- 6 || total
-------------------------+-------+-------++-------
Melee: Short sword       |   155 |   103 ||   258
       Punch             |       |     1 ||     1
Throw: Boomerang         |       |     6 ||     6
  Use: Potion            |     2 |       ||     2
 Stab: Sleeping          |    16 |    10 ||    26
Armor: Leather armour    |    45 |    19 ||    64
Dodge: Dodged            |   157 |    67 ||   224

Table legend: (Time is in decaauts)
 A = Elapsed time spent in this place.
 B = Non-inter-level travel time spent in this place.
 C = Inter-level travel time spent in this place.
 D = Time resting spent in this place.
 E = Time spent auto-exploring this place.
 F = Levels seen in this place.
 G = Mean time per level.
                   A        B        C        D        E       F      G
               +--------+--------+--------+--------+--------+-----+--------+
         Total |   2823 |   2809 |     14 |    266 |   2008 |   3 |  941.0 |
       Dungeon |   2823 |   2809 |     14 |    266 |   2008 |   3 |  941.0 |
               +--------+--------+--------+--------+--------+-----+--------+

Top non-repeatable levels by time:
     D:2: 1495 daAuts
     D:1: 1322 daAuts
     D:3: 5 daAuts
